 Dungeon Crawl Stone Soup version 0.16.1-16-gc44b35d (webtiles) character file.

140 jacksonaction the Vandal (level 5, 39/40 HPs)
             Began as a Centaur Arcane Marksman on Apr 19, 2015.
             Quit the game on level 3 of the Dungeon.
             The game lasted 00:18:29 (2674 turns).

jacksonaction the Vandal (Centaur Arcane Marksman)  Turns: 2674, Time: 00:18:29

Health: 39/40      AC: 11    Str: 14    XL:     5   Next: 2%
Magic:  6/6        EV:  4    Int: 12    God:
Gold:   101        SH:  0    Dex:  9    Spells: 1 memorised, 5 levels left

rFire  . . .     SeeInvis .     A - +3 short sword (elec)
rCold  . . .     Clarity  .     B - +3 chain mail
rNeg   . . .     SustAb   .     (no shield)
rPois  .         Gourm    .     (no helmet)
rElec  .         Spirit   .     x - +0 cloak (curse)
rCorr  .         Warding  .     (no gloves)
rMut   .         Stasis   .     (no barding)
MR     .....                    (no amulet)
Stlth  ..........               (no ring)
                                (no ring)

@: very quick, not resistant to hostile enchantments, extremely unstealthy
A: hooves 3, deformed body, speed 2, tough skin 3
a: no special abilities


You were on level 3 of the Dungeon.
You were not hungry.

You visited 1 branch of the dungeon, and saw 3 of its levels.

You collected 101 gold pieces.

Inventory:

Hand weapons
 b - a +0 hunting sling
 h - a +2 mace of venom
 y - a +0 blowgun
 A - a +3 short sword of electrocution (weapon)
Missiles
 c - 12 sling bullets
 g - 28 poisoned needles
 k - 4 tomahawks
 o - 61 stones
 z - 4 poisoned tomahawks (quivered)
Armour
 x - a cursed +0 cloak (worn)
 B - a +3 chain mail (worn)
Jewellery
 v - an uncursed ring of stealth {unknown}
 E - an uncursed ring of magical power {unknown}
Scrolls
 a - a scroll of noise {unknown}
 i - a scroll of recharging {unknown}
 j - 2 scrolls of random uselessness {unknown}
 s - 3 scrolls of teleportation {unknown}
 t - a scroll of fear {unknown}
 u - a scroll of magic mapping {unknown}
 F - a scroll of fog {unknown}
 G - a scroll of remove curse {unknown}
Potions
 e - 2 potions of curing {unknown}
 l - 2 potions of restore abilities {unknown}
 n - a potion of cure mutation {unknown}
 p - 3 potions of poison {unknown}
 r - a potion of degeneration {unknown}
 C - a potion of agility
Books
 d - a book of Debilitation

   Spells                             Type                      Level
   a - Corona                         Hexes                        1
   b - Slow                           Hexes                        2
   c - Inner Flame                    Hexes/Fire                   3
   d - Enslavement                    Hexes                        4
   e - Cause Fear                     Hexes                        4
   f - Leda's Liquefaction            Hexes/Earth                  4
Comestibles
 f - 3 bread rations
 m - 3 beef jerkies
 q - 2 meat rations
 w - a royal jelly
 D - 2 chunks of flesh


   Skills:
 - Level 1.0 Fighting
 + Level 5.7 Slings
 - Level 1.3 Dodging
 - Level 1.0 Spellcasting
 - Level 2.6 Hexes


You had 5 spell levels left.
You knew the following spells:

 Your Spells              Type           Power        Failure   Level  Hunger
a - Corona                Hex            #......      100%        1    ##.....


Dungeon Overview and Level Annotations

Branches:
Dungeon (3/15)

Altars:
Elyvilon
Yredelemnul
The Shining One


Innate Abilities, Weirdness & Mutations

You have hooves in place of feet.
Armour fits poorly on your strangely shaped body.
You cover ground very quickly.
You have extremely tough skin (AC +3).


Message History

You hit the goblin.
There is a sudden explosion of sparks!
You kill the goblin!
The goblin hits you with a dagger.
You closely miss the goblin. The goblin completely misses you.
You puncture the goblin!
You kill the goblin!
Found a meat ration.
You see here a dagger.
Things that are here:
a dagger; a goblin corpse
q - 2 meat rations (gained 1)
Found a pair of gloves.
Welcome back, jacksonaction the Centaur Arcane Marksman.
Press ? for a list of commands and other information.
Welcome back, jacksonaction the Centaur Arcane Marksman.
Press ? for a list of commands and other information.
Saving game... please wait.
Welcome back, jacksonaction the Centaur Arcane Marksman.
Press ? for a list of commands and other information.
Are you sure you want to abandon this character and quit the game? (Confirm with "yes".)

#.......).....##..# #...
........).....##### #...
#.............###.# ##..
###.#.####.......# #..
#.................# ###
#.................# #
#.................# #
#.........###.....# #
######.@...#####..#
#.[........#####..#
#.................#
#.................# #
#.................######
#................##...#
#.#........##...##._..
###...............##...#
........)#.....#...######


There were no monsters in sight!

Vanquished Creatures
  Ijyb (D:2)
  Jessica (D:2)
  Terence (D:3)
  3 adders
  A worm (D:3)
  2 giant geckos
  6 orcs (D:3)
  10 hobgoblins
  5 kobolds
  A ball python (D:1)
  4 bats (D:3)
  A giant cockroach (D:2)
  2 giant newts
  8 goblins
  4 jackals (D:1)
  4 rats
54 creatures vanquished.

Notes
Turn   | Place    | Note
--------------------------------------------------------------
     0 | D:1      | jacksonaction, the Centaur Arcane Marksman, began the quest for the Orb.
     0 | D:1      | Reached XP level 1. HP: 16/16 MP: 2/2
   374 | D:1      | Reached skill level 3 in Slings
   374 | D:1      | Reached XP level 2. HP: 23/23 MP: 3/3
   853 | D:2      | Reached XP level 3. HP: 28/28 MP: 4/4
  1019 | D:2      | Reached skill level 4 in Slings
  1037 | D:2      | Noticed Jessica
  1044 | D:2      | Killed Jessica
  1201 | D:2      | Noticed Ijyb
  1271 | D:2      | Killed Ijyb
  1271 | D:2      | Reached XP level 4. HP: 10/35 MP: 4/4
  1406 | D:2      | Reached skill level 5 in Slings
  1706 | D:3      | Noticed Terence
  1842 | D:3      | Killed Terence
  2282 | D:3      | Found a white marble altar of Elyvilon.
  2287 | D:3      | Found a basalt altar of Yredelemnul.
  2569 | D:3      | Found a glowing golden altar of the Shining One.
  2643 | D:3      | Reached XP level 5. HP: 37/40 MP: 6/6
  2674 | D:3      | Quit the game

Action                   |  1- 3 |  4- 6 || total
-------------------------+-------+-------++-------
Melee: Unarmed           |     4 |       ||     4
       Mace              |    17 |    26 ||    43
       Short sword       |       |    30 ||    30
 Fire: Hunting sling     |   101 |    47 ||   148
Throw: Tomahawk          |       |    10 ||    10
 Cast: Corona            |     5 |     3 ||     8
  Eat: Chunk             |       |     4 ||     4
